 Dungeon Crawl Stone Soup version 0.23.0-3-gf3c87f2 (webtiles) character file.

Game seed: 2036670093410256798

569 Borgoz the Ducker (level 7, -7/59 (60) HPs)
             Began as a Ghoul Monk on Feb 23, 2019.
             Mangled by an orc warrior
             ... wielding a +0 short sword
              (11 damage)
             ... on level 6 of the Dungeon.
             The game lasted 00:07:37 (4439 turns).

Borgoz the Ducker (Ghoul Monk)                      Turns: 4439, Time: 00:07:38

HP:   -7/59 (60)    AC:  3    Str: 14 (15) XL:     7   Next: 33%
MP:   6/6           EV: 13    Int:  4 (6)  God:
Gold: 343           SH:  0    Dex: 10 (12) Spells: 6/6 levels left

rFire    + . .     SeeInvis .   s - +1 dagger (vamp)
rCold    + + +     Gourm    .   (no shield)
rNeg     + + +     Faith    .   h - +0 leather armour
rPois    ∞         Spirit   .   (no helmet)
rElec    +         Reflect  .   (no cloak)
rCorr    +         Harm     .   (no gloves)
MR       .....                  (no boots)
Stlth    ++........             (no amulet)
HPRegen  0.00/turn              t - ring of protection from cold
MPRegen  0.10/turn              (no ring)

@: resistant, rotting
A: rotting body, claws 1, carnivore, cold resistance 1, negative energy
resistance 3, inhibited regeneration, torment resistance, unbreathing
a: no special abilities


You were on level 6 of the Dungeon.
You were hungry.

You visited 1 branch of the dungeon, and saw 6 of its levels.

You collected 343 gold pieces.

Inventory:

Hand Weapons
 s - a +1 vampiric dagger (weapon)
Missiles
 n - 10 poisoned needles
Armour
 h - a +0 leather armour (worn)
Jewellery
 d - an uncursed ring of ice
 t - a ring of protection from cold (left claw)
 w - a cursed ring of wizardry {unknown}
Wands
 y - a wand of acid (5)
Scrolls
 e - 2 scrolls of remove curse {unknown}
 f - 2 scrolls of teleportation
 g - a scroll of random uselessness {unknown}
 k - 6 scrolls of identify {unknown}
 q - a scroll of fear {unknown}
 r - a scroll of fog {unknown}
 u - a scroll of enchant armour {unknown}
 x - 2 scrolls of amnesia {unknown}
 B - a scroll of noise {unknown}
Potions
 i - a potion of might {unknown}
 j - 3 potions of heal wounds
 l - a potion of haste {unknown}
 p - 3 potions of curing
Comestibles
 c - 6 rations


   Skills:
 + Level 4.4 Fighting
 * Level 4.5 Short Blades
 + Level 2.2 Armour
 * Level 4.6 Dodging
 + Level 4.0 Stealth


You had 6 spell levels left.
You didn't know any spells.
Your spell library contained the following spells:

 Spells                   Type           Power        Failure   Level  Hunger
 Freeze                   Ice            #...         56%         1    ##.....
 Throw Frost              Conj/Ice       #.....       71%         2    ###....
 Ozocubu's Armour         Chrm/Ice       #.......     91%         3    ####...
 Summon Ice Beast         Ice/Summ       #.......     100%        4    #####..
 Throw Icicle             Conj/Ice       #.......     100%        4    #####..


Dungeon Overview and Level Annotations

Branches:
Dungeon (6/15)
 Temple: D:4-7

Altars:

Annotations:
D:4 1 runed translucent door, xccam's ghost, amateur TrMo
D:6 1 runed translucent door, dengdeng's ghost, novice MiBe


Innate Abilities, Weirdness & Mutations

Your body is rotting away.
You thrive on raw meat.
You are immune to poison.
You have sharp fingernails.
You are carnivorous and can eat meat at any time.
Your flesh is cold resistant. (rC+)
You are immune to negative energy. (rN+++)
You do not regenerate when monsters are visible.
You are immune to unholy pain and torment.
You can survive without breathing.


Message History

You cannot raise a blood rage in your lifeless body.
The orc warrior misses you.
It was a potion of invisibility.
You fade into invisibility!
The orc warrior barely misses you.
You are very lightly contaminated with residual magic.
It was a potion of cancellation.
Your magical effects are unravelling.
You feel magically purged.
Your magical contamination has completely faded away.
You flicker back into view.
The orc warrior hits you with a +0 short sword!
* * * LOW HITPOINT WARNING * * *
The orc priest shouts!
It was a potion of resistance.
You feel protected.
The orc priest calls upon Beogh to heal the orc warrior.
The orc warrior's wounds heal themselves!
The orc warrior hits you with a +0 short sword!
You die...

###
####.....+FFWS$≈#....######
#.....###########.# # ###
###.###..####.#####.# # #.#
#...........#....##.# #
#.####.#.#..)....#.##.##.# #
#........#.......#.##.##.##
#
#.####.##.....)..#........##
# #.#
#.#.........#.#.......# #
###
#.#......@........##.####
#........o..#.##........#
###.#.##o####.....##.##.#
#.#.##.# #.....##.##.#
#......# #.###.##.##.#
###.#######.###.##.##.# #<#
#.....#.......## #.#
#.....####...... ###.#
#...<.# #.#####


You could see an orc warrior and an orc priest.

Vanquished Creatures
  A phantom (D:4)
  An ogre (D:4)
  2 howler monkeys (D:4)
  A crimson imp (D:6)
  A jelly (D:6)
  An orc priest (D:6)
  A worker ant (D:4)
  A hound zombie (D:6)
  3 gnolls (D:4)
  5 adders
  2 shadow imps (D:5)
  2 worms
  3 dart slugs
  3 leopard geckos
  An orc (D:6)
  5 giant cockroaches
  9 goblins
  6 hobgoblins
  11 jackals
  8 kobolds
  A quokka (D:4)
  A ball python (D:1)
  10 bats
  6 frilled lizards
  5 rats
90 creatures vanquished.

Notes
Turn   | Place    | Note
-------+----------+-------------------------------------------
     0 | D:1      | Borgoz the Ghoul Monk began the quest for the Orb.
     0 | D:1      | Reached XP level 1. HP: 19/19 MP: 0/0
   272 | D:1      | Reached XP level 2. HP: 25/26 MP: 1/1
   491 | D:1      | Reached XP level 3. HP: 19/31 MP: 2/2
  1056 | D:2      | Reached XP level 4. HP: 33/38 MP: 3/3
  1810 | D:3      | Reached skill level 1 in Armour
  2195 | D:4      | Noticed an ogre
  2209 | D:4      | Killed an ogre
  2209 | D:4      | Reached XP level 5. HP: 19/46 MP: 4/4
  2422 | D:4      | Reached XP level 6. HP: 43/52 MP: 5/5
  2564 | D:4      | Noticed a phantom
  2673 | D:4      | Killed a phantom
  2910 | D:4      | Found a runed translucent door.
  2910 | D:4      | Noticed xccam's ghost (amateur TrMo)
  3360 | D:5      | Entered Level 5 of the Dungeon
  3464 | D:5      | Noticed a phantom
  3499 | D:5      | Reached XP level 7. HP: 26/59 MP: 6/6
  3831 | D:6      | Found a runed translucent door.
  3833 | D:6      | Noticed dengdeng's ghost (novice MiBe)
  4044 | D:6      | HP: 2/59 [orc priest/divine providence (13)]
  4439 | D:6      | Mangled by an orc warrior

Skill      XL: |  1  2  3  4  5  6  7 |
---------------+----------------------+-----
Dodging        | 3 4 |  4.6
Short Blades   | 3 4 |  4.5
Armour         | 1 2 |  2.2
Stealth        | 3 4 |  4.0
Fighting       | 4 |  4.4

Action                   |  1- 3 |  4- 6 |  7- 9 || total
-------------------------+-------+-------+-------++-------
Melee: Short sword       |   119 |    77 |       ||   196
       Dagger            |       |   248 |   127 ||   375
Evoke: Wand              |       |     2 |       ||     2
  Use: Potion            |       |     1 |     9 ||    10
       Scroll            |       |       |     1 ||     1
 Stab: Sleeping          |     1 |     1 |     2 ||     4
       Distracted        |       |       |     1 ||     1
  Eat: Chunk             |    14 |    14 |     1 ||    29
Armor: Robe              |    29 |       |       ||    29
       Leather armour    |    16 |    58 |    15 ||    89
Dodge: Dodged            |    90 |   163 |    63 ||   316
